 Dungeon Crawl Stone Soup version 0.29-a0-1047-g7c58e119a4 (webtiles) character file.

Game seed: 18232432946631281249

165032 siradein the Marksdraconian (level 17, -3/154 HPs)
             Began as a Green Draconian Hunter on Aug 16, 2022.
             Was the Champion of Fedhas.
             Blown up by a sun moth (41 damage)
             ... with a bolt of energy
             ... on level 2 of the Lair of Beasts on Aug 17, 2022.
             The game lasted 01:36:49 (27398 turns).

siradein the Marksdraconian (DrHu)                 Turns: 27398, Time: 01:36:50

Health: -3/154     AC: 20    Str: 14    XL:     17   Next: 27%
Magic:  29/30      EV: 19    Int: 15    God:    Fedhas [******]
Gold:   3427       SH: 21    Dex: 20    Spells: 33/35 levels left

rFire   . . .      SeeInvis .   v - +3 greatsling "Punk" {acid, rCorr}
rCold   . . .      Faith    .   Y - +0 tower shield
rNeg    . . .      Spirit   .   (body armour unavailable)
rPois   +          Reflect  +   J - +2 hat {Int+3}
rElec   .          Harm     .   C - +2 cloak {Will+}
rCorr   +          Rampage  .   i - +2 pair of gloves {hurl}
Will    ++...                   s - +2 pair of boots
Stlth   ++........              g - amulet of reflection
HPRegen 0.35/turn               R - ring of wizardry
MPRegen 0.22/turn               Q - +4 ring of evasion

@: on berserk cooldown, slowed, glowing, studying Spellcasting, very slow
A: breathe noxious fumes, AC +9, unfitting armour, stinger 1, poison resistance,
cold-blooded
a: Breathe Noxious Fumes, Renounce Religion, Wall of Briars, Grow
Ballistomycete, Overgrow, Grow Oklob


You were on level 2 of the Lair of Beasts.
You worshipped Fedhas.
Fedhas was exalted by your worship.
You visited 5 branches of the dungeon, and saw 24 of its levels.
You also visited: Bailey.

You collected 4027 gold pieces.
You spent 600 gold pieces at shops.

Inventory:

Hand Weapons
 a - a +4 arbalest of freezing
 b - a +2 short sword of speed
 v - the +3 greatsling "Punk" (weapon) {acid, rCorr}
   (You acquired it on level 1 of the Lair of Beasts)

   Any ammunition fired from it is coated in acid, damaging and corroding those
   it strikes.
   rCorr:     It protects you from acid and corrosion.
Missiles
 t - 8 throwing nets
Armour
 i - a +2 pair of gloves of hurling (worn)
 s - a +2 pair of boots (worn)
 C - a +2 cloak of willpower (worn)
 J - a +2 hat of intelligence (worn)
 Y - a +0 tower shield (worn)
Jewellery
 g - an amulet of reflection (around neck)
 j - a ring of protection from cold
 m - a ring of protection from cold
 Q - a +4 ring of evasion (right hand)
 R - a ring of wizardry (left hand)
 Z - a ring of fire
Wands
 l - a wand of flame (81)
 p - a wand of quicksilver (16)
 u - a wand of polymorph (31)
 z - a wand of charming (29)
 B - a wand of iceblast (25)
 D - a wand of digging (26)
Scrolls
 d - 5 scrolls of immolation
 h - 3 scrolls of enchant armour
 r - a scroll of amnesia
 w - 3 scrolls of magic mapping
 x - a scroll of poison
 y - 3 scrolls of fear
 K - a scroll of brand weapon
 L - 8 scrolls of teleportation
 M - a scroll of fog
 O - 4 scrolls of summoning
 P - a scroll of enchant weapon
 U - a scroll of torment
Potions
 c - 18 potions of ambrosia
 e - 4 potions of brilliance
 f - 9 potions of heal wounds
 k - 3 potions of mutation
 n - 15 potions of curing
 o - 4 potions of might
 q - 6 potions of flight
 F - 5 potions of cancellation
 G - 2 potions of invisibility
 H - 2 potions of berserk rage
 I - 3 potions of haste
Miscellaneous
 A - a phial of floods
 T - a condenser vane
 W - a lightning rod (4/4)
 X - a tin of tremorstones (2/2)


   Skills:
 + Level 14.7 Fighting
 + Level 9.8 Short Blades
 + Level 15.2 Ranged Weapons
 + Level 9.2 Dodging
 + Level 8.6 Stealth
 + Level 6.8 Shields
 + Level 9.5 Spellcasting
 + Level 13.2 Invocations
 + Level 1.5 Evocations


You had 33 spell levels left.
You knew the following spells:

 Your Spells              Type           Power      Damage    Failure   Level
a - Blink                 Tloc           14%        N/A       45%         2

Your spell library contained the following spells:

 Spells                   Type           Power      Damage    Failure   Level
 Slow                     Hex            28%        N/A       32%         1
 Poisonous Vapours        Pois/Air       14%        N/A       45%         2
 Sublimation of Blood     Necr           7%         N/A       45%         2
 Wereblood                Tmut           7%         N/A       45%         2
 Confusing Touch          Hex            7%         N/A       69%         3
 Frozen Ramparts          Ice            14%        1d3       69%         3
 Gell's Gravitas          Tloc           7%         N/A       69%         3
 Lesser Beckoning         Tloc           7%         N/A       69%         3
 Stone Arrow              Conj/Erth      14%        3d7       69%         3
 Teleport Other           Tloc           7%         N/A       69%         3
 Vampiric Draining        Necr           7%         2d6       69%         3
 Airstrike                Air            3%         2d(1-17)  96%         4
 Corpse Rot               Necr/Pois/Air  7%         N/A       96%         4
 Dispel Undead            Necr           7%         3d8       96%         4
 Ice Form                 Ice/Tmut       7%         N/A       96%         4
 Olgreb's Toxic Radiance  Pois           7%         N/A       96%         4
 Summon Ice Beast         Ice/Summ       7%         N/A       96%         4
 Summon Lightning Spire   Summ/Air       7%         N/A       96%         4
 Lightning Bolt           Conj/Air       3%         1d15      100%        5
 Manifold Assault         Tloc           7%         N/A       100%        5
 Death Channel            Necr           3%         N/A       100%        6
 Dispersal                Tloc           3%         N/A       100%        6
 Ozocubu's Refrigeration  Ice            3%         4d8       100%        7
 Summon Hydra             Summ           3%         N/A       100%        7
 Disjunction              Tloc           3%         N/A       100%        8
 Ignition                 Fire           3%         3d4       100%        8
 Lehudib's Crystal Spear  Conj/Erth      3%         10d3      100%        8
 Animate Armour           Summ/Erth      Unusable   N/A       N/A         4

Dungeon Overview and Level Annotations

Branches:
Dungeon (15/15)            Temple (1/1) D:5            Lair (5/5) D:11
 Shoals (0/4) Lair:2       Spider (1/4) Lair:2        Slime (0/5) Lair:4
    Orc (2/2) D:9             Elf (0/3) Orc:2        Vaults (0/5) D:14
 Depths (0/4) D:15         Bailey (visited)

Altars:
Ashenzari
Cheibriados
Dithmenos
Fedhas
Gozag
Kikubaaqudgha
Okawaru
Qazlal
Ru
Sif Muna
Trog
Vehumet
Wu Jian
Xom
The Shining One
Ignis
Jiyva

Shops:
D:10 [   Orc:1 !   Orc:2 =*[(

Portals:
Abyss: Orc:2

Annotations:
D:14 1 runed translucent door, Karianen's ghost, adept KoBr
Orc:2 2 transporters, buhh's ghost, journeyman MeHu


Innate Abilities, Weirdness & Mutations

You can breathe blasts of noxious fumes.
Your lurid green scales are hard. (AC +9)
You cannot fit into any form of body armour.
Your tail ends in a venomous barb.
Your system is resistant to poisons. (rPois)
You are cold-blooded and may be slowed by cold attacks.


Message History

* * * LOW HITPOINT WARNING * * *
You are no longer on fire.
You hear a skittering sound.
You block the sun moth's attack. x2; The sun moth closely misses you.
The sun moth bites your briar patch!
The sun moth is struck by your briar patch's thorns.
The sun moth bites your briar patch! The sun moth bites your briar patch!!
Your briar patch is destroyed!
Your briar patch disappears in a puff of smoke!
Unknown command.
Unknown command.
Fire: v) +3 greatsling "Punk" {acid, rCorr}
Press: ? - help, Q - select action, (/) - cycle Shift-Dir - straight line, f/p - sun moth
Aim: a sun moth (lightly wounded, berserk, ally target, haloed, 81% to hit)
You shoot a sling bullet. Fedhas protects your plant from harm.
The sling bullet hits the sun moth.
The sun moth is splashed with acid.
The acid corrodes the sun moth!
The sun moth is lightly wounded.
You have got your breath back.
You block the sun moth's attack. x2
Fire: v) +3 greatsling "Punk" {acid, rCorr}
Press: ? - help, Q - select action, (/) - cycle Shift-Dir - straight line, f/p - sun moth
Aim: a sun moth (lightly wounded, berserk, covered in acid, ally target, haloed, 81% to hit)
You shoot a sling bullet. The sling bullet hits the sun moth.
The sun moth is splashed with acid.
The sun moth seems to be corroded for longer.
The sun moth is moderately wounded.
The sun moth is no longer berserk.
The sun moth completely misses you. x2
The sun moth bites you but does no damage.
Unknown command.
You feel much better. You block the sun moth's attack.
Fire: v) +3 greatsling "Punk" {acid, rCorr}
Press: ? - help, Q - select action, (/) - cycle Shift-Dir - straight line, f/p - sun moth
Aim: a sun moth (lightly wounded, slow, covered in acid, ally target, haloed, 81% to hit)
You shoot a sling bullet. The sling bullet misses the sun moth.
The sun moth throws energy at you. The bolt of energy hits you!!!
You die...
Fedhas appreciates your contribution to the ecosystem.

### ###### ###.## ### ##.##.##
#######..#.###.##
.#.....##########.##.....##.#.###
.......##.#..§....##.............
.##...##...^......#..............
.#.#.......!§§.............#.....
.y##.......§§PPy..........###..#.
..#..#....y.§§§P@..P......P###..#
[[...##....§§###..)#......####...
.#...##.......##...#.............
#.##..........#..................
.#...............................
.##..............................
...................#.............
..#..........##.#...##..##.......
#####.P......####..###....#......


You could see a sun moth (slow, corroded, ally target).

Vanquished Creatures
  Gastronok (D:9)
  An orc warlord (Orc:2)
  A stone giant (D:15)
  An ettin (Orc:2)
  Josephine (D:14)
  2 jorogumos
  A rakshasa (D:13)
  8 hydras
  7 boulder beetles
  4 vault guards (D:14)
  Harold (D:9)
  Erolcha (D:12)
  A catoblepas (D:13)
  2 two-headed ogres
  An anaconda (shapeshifter) (D:15)
  7 centaur warriors
  2 death knights
  7 death yaks (Lair:5)
  7 tengu warriors
  An orc high priest (Orc:2)
  Lodul (D:13)
  Nergalle (Orc:2)
  A pharaoh ant (Spider:1)
  A steelbarb worm (Lair:2)
  An orb spider (Spider:1)
  A goliath frog (Lair:5)
  4 wizards
  A deep elf pyromancer (D:14)
  2 necromancers (D:14)
  An orc sorcerer (Orc:2)
  4 orc knights
  3 manticores
  18 ugly things
  2 cyclopes (D:12)
  4 wolf spiders
  2 merfolk sirens (Lair:2)
  4 elephants (Lair:3)
  4 black mambas
  An ice statue (D:9)
  Maurice (D:8)
  A gargoyle (D:14)
  Maggie (D:6)
  3 unseen horrors (D:12)
  22 cane toads
  2 kobold demonologists
  6 komodo dragons
  A freezing wraith (D:14)
  A rime drake (Lair:5)
  A demonic crawler (Spider:1)
  2 tengu conjurers (D:15)
  An efreet (D:14)
  8 trolls
  2 polar bears (Lair:4)
  A queen bee (D:10)
  6 meliai
  4 tyrant leeches (Lair:5)
  2 merfolk (Lair:2)
  9 tarantellas (Spider:1)
  Prince Ribbit (D:9)
  23 slime creatures
  2 hornets (D:10)
  40 blink frogs
  7 dream sheep
  8 jumping spiders
  A vampire (D:12)
  4 culicivoras
  4 wraiths (D:14)
  A shadow (D:12)
  40 yaks
  7 wyverns
  15 humans (D:14)
  2 basilisks
  7 vampire mosquitoes
  6 redbacks
  A steam dragon (Lair:1)
  5 wargs
  3 acid dragons
  13 water moccasins
  2 ice beasts
  A floating eye (D:9)
  22 orc warriors
  3 black bears
  2 sky beasts
  A meliai simulacrum (D:14)
  15 ogres
  13 wolves
  13 centaurs
  5 kobold brigands
  11 bullfrogs
  12 gnoll sergeants
  A necrophage (D:4)
  7 scorpions
  7 wights
  28 killer bees
  4 howler monkeys
  11 electric eels
  A jelly (D:1)
  22 orc priests
  7 gnoll boudas (Bailey)
  10 hounds
  9 iguanas
  19 orc wizards
  26 gnolls
  9 adders
  A shadow imp (D:7)
  2 white imps
  2 ufetubi
  6 worms
  3 dart slugs
  65 orcs
  10 endoplasms
  7 giant cockroaches
  7 goblins
  6 hobgoblins
  4 jackals (D:1)
  15 kobolds
  8 quokkas
  5 ball pythons
  6 bats
  5 frilled lizards
  9 rats
799 creatures vanquished.

Vanquished Creatures (collateral kills)
  The ghost of Theoretic the Fighter, a journeyman DjAE of Ashenzari (Lair:1)
  A dancing weapon (Lair:1)
  2 slime creatures (D:12)
  A yak (Lair:5)
  A human (D:14)
  A water moccasin (Lair:5)
  2 wolves (Lair:5)
  A centaur (D:14)
  2 bullfrogs (Lair:5)
  2 killer bees (D:10)
  A gnoll (D:9)
  6 ballistomycete spores (D:14)
21 creatures vanquished.

Vanquished Creatures (others)
  2 oklob plants (D:9)
  A human (D:14)
  A warg (D:9)
  2 orcs (D:9)
  A bush (D:9)
  36 fungi
  131 plants
174 creatures vanquished.

Grand Total: 994 creatures vanquished

Notes
Turn   | Place    | Note
-------+----------+-------------------------------------------
     0 | D:1      | siradein the Draconian Hunter began the quest for the Orb.
     0 | D:1      | Reached XP level 1. HP: 17/17 MP: 1/1
     0 | D:1      | Noticed a jelly
     1 | D:1      | Found a runed translucent door.
   136 | D:1      | Reached XP level 2. HP: 17/25 MP: 2/2
   419 | D:1      | Found a faded altar of an unknown god.
   447 | D:1      | Reached skill level 4 in Ranged Weapons
   830 | D:1      | Reached XP level 3. HP: 31/31 MP: 3/3
  1173 | D:2      | Found an opulent altar of Gozag.
  1659 | D:3      | Reached XP level 4. HP: 40/40 MP: 4/4
  2093 | D:3      | Reached XP level 5. HP: 46/46 MP: 5/5
  2173 | D:3      | Reached skill level 5 in Ranged Weapons
  2553 | D:4      | Found a stormy altar of Qazlal.
  2568 | D:4      | Reached skill level 5 in Fighting
  2568 | D:4      | Reached XP level 6. HP: 56/56 MP: 6/6
  2873 | D:4      | Found a shimmering blue altar of Sif Muna.
  3143 | D:5      | Entered Level 5 of the Dungeon
  3579 | D:5      | Reached skill level 6 in Ranged Weapons
  3579 | D:5      | Your scales start taking on a lurid green colour.
  3579 | D:5      | Reached XP level 7. HP: 63/63 MP: 7/7
  3579 | D:5      | Gained mutation: Your system is resistant to poisons.
                  | (rPois) [Green Draconian growth]
  3817 | D:5      | Found a staircase to the Ecumenical Temple.
  3902 | Temple   | Entered the Ecumenical Temple
  3912 | Temple   | Became a worshipper of Fedhas Madash
  4038 | D:5      | Reached skill level 1 in Invocations
  4450 | D:6      | Noticed Maggie
  4473 | D:6      | Killed Maggie
  4474 | D:6      | Reached skill level 7 in Ranged Weapons
  4474 | D:6      | Reached XP level 8. HP: 52/73 MP: 8/10
  4685 | D:6      | Found an ornate altar of the Wu Jian Council.
  4686 | D:6      | Found a radiant altar of Vehumet.
  5003 | D:7      | Found a flagged portal.
  5021 | Bailey   | Entered a bailey
  5029 | Bailey   | Reached * piety under Fedhas
  5391 | Bailey   | Reached skill level 5 in Invocations
  5540 | Bailey   | Reached XP level 9. HP: 70/82 MP: 12/12
  5663 | Bailey   | Reached skill level 8 in Ranged Weapons
  6540 | Bailey   | Reached ** piety under Fedhas
  7205 | D:7      | Noticed a purple ugly thing
  7272 | D:6      | Reached skill level 9 in Ranged Weapons
  7767 | D:7      | Reached skill level 10 in Fighting
  7807 | D:7      | Reached XP level 10. HP: 78/93 MP: 15/15
  8076 | D:7      | Identified 2 scrolls of acquirement
  8077 | D:7      | Acquired a +3 arbalest of freezing
  8437 | D:7      | Found a glowing golden altar of the Shining One.
  8464 | D:7      | Killed a purple ugly thing
  8716 | D:8      | Found a sacrificial altar of Ru.
  8841 | D:8      | Noticed Maurice
  8849 | D:8      | Killed Maurice
  9209 | D:8      | Reached skill level 10 in Ranged Weapons
  9219 | D:8      | Reached *** piety under Fedhas
  9676 | D:9      | Noticed Harold
  9713 | D:9      | Killed Harold
  9714 | D:9      | Reached skill level 11 in Ranged Weapons
  9754 | D:9      | Noticed an oklob plant
  9761 | D:9      | Noticed an oklob plant
  9821 | D:9      | Killed an oklob plant
  9834 | D:9      | Killed an oklob plant
 10060 | D:9      | Found a staircase to the Orcish Mines.
 10070 | D:9      | Noticed Prince Ribbit
 10078 | D:9      | Killed Prince Ribbit
 10079 | D:9      | Reached XP level 11. HP: 101/101 MP: 17/17
 10170 | D:9      | Reached skill level 12 in Ranged Weapons
 10264 | D:9      | Noticed Gastronok
 10272 | D:9      | Killed Gastronok
 10560 | D:9      | Found an opulent altar of Gozag.
 10560 | D:9      | Found a shadowy altar of Dithmenos.
 10560 | D:9      | Found an iron altar of Okawaru.
 10561 | D:9      | Found a shimmering altar of Xom.
 10948 | D:10     | Entered Level 10 of the Dungeon
 10960 | D:10     | Found Kyst's Antique Armour Shop.
 10978 | D:10     | Reached skill level 1 in Short Blades
 11007 | D:10     | Reached **** piety under Fedhas
 11390 | D:10     | Noticed a two-headed ogre
 11432 | D:10     | Killed a two-headed ogre
 11874 | D:11     | Found a staircase to the Lair.
 11884 | Lair:1   | Entered Level 1 of the Lair of Beasts
 11885 | Lair:1   | Acquired the +3 greatsling "Punk" {acid, rCorr}
 11885 | Lair:1   | Found the +3 greatsling "Punk" {acid, rCorr}
 11958 | D:11     | Noticed a four-headed hydra
 11965 | D:11     | Killed a four-headed hydra
 12481 | D:11     | Noticed a six-headed hydra
 12503 | D:11     | Killed a six-headed hydra
 12504 | D:11     | Reached skill level 13 in Ranged Weapons
 12504 | D:11     | Reached XP level 12. HP: 39/110 MP: 15/18
 12811 | D:11     | Noticed a boulder beetle
 12817 | D:11     | Killed a boulder beetle
 13081 | Lair:1   | Reached ***** piety under Fedhas
 13121 | Lair:1   | Found the +15 Maxwell's patent armour {-Cast -Tele rElec
                  | Will+ rCorr}
 13230 | Lair:1   | Reached skill level 1 in Stealth
 13342 | Lair:1   | Found a runed translucent door.
 13344 | Lair:1   | Found a shimmering altar of Xom.
 13344 | Lair:1   | Noticed Theoretic's ghost (journeyman DjAE)
 13744 | Lair:1   | Reached skill level 5 in Short Blades
 13744 | Lair:1   | Reached skill level 5 in Dodging
 13890 | Lair:2   | Reached skill level 10 in Invocations
 14015 | Lair:2   | Noticed a four-headed hydra
 14019 | Lair:2   | Killed a four-headed hydra
 14087 | Lair:2   | Found a staircase to the Shoals.
 14314 | Lair:2   | Found a hole to the Spider Nest.
 14544 | Lair:2   | Noticed a boulder beetle
 14553 | Lair:2   | Killed a boulder beetle
 14554 | Lair:2   | Reached XP level 13. HP: 118/118 MP: 20/20
 15159 | Lair:3   | Reached ****** piety under Fedhas
 15683 | Lair:3   | Learned a level 2 spell: Blink
 15728 | Lair:4   | Acquired 843 gold pieces
 15771 | Lair:4   | Reached skill level 1 in Spellcasting
 16264 | Lair:4   | Found a staircase to the Slime Pits.
 16265 | Lair:4   | Found a viscous altar of Jiyva.
 16336 | Lair:5   | Entered Level 5 of the Lair of Beasts
 16349 | Lair:5   | Reached skill level 5 in Stealth
 16383 | Lair:5   | Reached skill level 14 in Ranged Weapons
 16604 | Lair:5   | Gained mutation: Your tail ends in a venomous barb. [Green
                  | Draconian growth]
 16604 | Lair:5   | Reached XP level 14. HP: 129/129 MP: 22/22
 17256 | Lair:5   | Reached skill level 5 in Spellcasting
 18440 | D:12     | Noticed Erolcha
 18446 | D:12     | Killed Erolcha
 19459 | Orc:1    | Entered Level 1 of the Orcish Mines
 19750 | Orc:1    | Found Uplipsec's Distillery.
 19759 | Orc:1    | Bought a potion of heal wounds for 75 gold pieces
 19759 | Orc:1    | Bought 2 potions of curing for 90 gold pieces
 19759 | Orc:1    | Bought a potion of curing for 45 gold pieces
 19759 | Orc:1    | Bought a potion of ambrosia for 120 gold pieces
 19759 | Orc:1    | Bought a potion of curing for 45 gold pieces
 19759 | Orc:1    | Bought a potion of heal wounds for 75 gold pieces
 19759 | Orc:1    | Bought a potion of ambrosia for 120 gold pieces
 19830 | Orc:2    | Entered Level 2 of the Orcish Mines
 19862 | Orc:2    | Found a transporter.
 19939 | Orc:2    | Found a transporter.
 20044 | Orc:2    | Found a staircase to the Elven Halls.
 20077 | Orc:2    | Noticed an orc warlord
 20106 | Orc:2    | Killed an orc warlord
 20197 | Orc:2    | Noticed Nergalle
 20203 | Orc:2    | Killed Nergalle
 20274 | Orc:2    | Found Hailott's Jewellery Emporium.
 20300 | Orc:2    | Found Ynauwe Avez's General Store.
 20307 | Orc:2    | Bought a scroll of identify for 30 gold pieces
 20320 | Orc:2    | Found Xoraboemn's Antique Weapon Emporium.
 20510 | Orc:2    | Found Onweph's Antique Armour Emporium.
 20644 | Orc:2    | Found a one-way gate to the infinite horrors of the Abyss.
 20652 | Orc:2    | Noticed buhh's ghost (journeyman MeHu)
 20821 | Lair:1   | Killed Theoretic's ghost
 21644 | D:13     | Reached XP level 15. HP: 137/137 MP: 25/25
 21669 | D:13     | Noticed Lodul
 21688 | D:13     | Killed Lodul
 22991 | D:14     | Noticed Josephine
 23007 | D:14     | Reached skill level 1 in Shields
 23011 | D:14     | Killed Josephine
 23272 | D:14     | Found a runed translucent door.
 23273 | D:14     | Noticed Karianen's ghost (adept KoBr)
 24132 | D:14     | Found a gate to the Vaults.
 24459 | D:14     | Reached skill level 15 in Ranged Weapons
 24680 | D:14     | Identified the +1 trident "Zaq Purgh" {protect, Fly Str+8
                  | Stlth+}
 24692 | D:15     | Entered Level 15 of the Dungeon
 24927 | D:15     | Found a staircase to the Depths.
 25382 | D:14     | Reached XP level 16. HP: 143/147 MP: 29/29
 25938 | Spider:1 | Entered Level 1 of the Spider Nest
 26836 | Spider:1 | Reached skill level 1 in Evocations
 26844 | Spider:1 | Reached XP level 17. HP: 154/154 MP: 30/30
 27398 | Lair:2   | Blown up by a sun moth

Illustrated notes

Levels and vault maps discovered:
D:1:      dpeg_arrival_caged_fury, layout_loops_ring,
          hellmonk_ecumenical_altar_crossroads, chequers_serial_rivers_large_a
D:2:      layout_loops_cross, basic_altar
D:3:      layout_basic, item_on_display_a
D:4:      layout_basic, nicolae_sif_muna_condensation,
          mainiacjoe_overflow_chevrons, minmay_misc_feat_tower
D:5:      layout_gridville, minmay_temple_entry_statues_fountains
D:6:      layout_rooms, grunt_temple_overflow_open, uniq_maggie
D:7:      cheibrodos_two_vegetables, layout_gridville,
          mainiacjoe_overflow_alcove_1, enter_bailey_5, minmay_manual_mess
D:8:      layout_basic, pf_just_have_faith, uniq_maurice
D:9:      minmay_statue_hallways, layout_basic,
          chequers_temple_overflow_statue_of_worship, david_orc_3,
          disabler_island, uniq_prince_ribbit1, uniq_harold, uniq_gastronok
D:10:     layout_small_grid, serial_shops, shop, special_room [special_room_bee]
D:11:     layout_loops_cross, lair_entry_dummy, minmay_misc_feat_room
D:12:     layout_roguey, uniq_erolcha
D:13:     layout_basic, amcnicky_mini_rare_corridor_liquid, uniq_lodul
D:14:     minmay_four_partial_circles, layout_loops_cross,
          grunt_vaults_entry_tiered, ebering_ghost_funeral_grove,
          serial_bayou_shore_b, uniq_josephine
D:15:     hangedman_depths_entry_civil_slaughter, layout_cave_pools
Temple:   ebering_untended_altars
Lair:1:   layout_regular_city, ebering_ghost_xom, grunt_megastairs_3,
          infiniplex_staircase_pool_2
Lair:2:   layout_gridlike, elwin_shoals_entry_stream,
          nicolae_spider_entry_non_spiders, grunt_megastairs_2
Lair:3:   layout_chaotic_city, minivault_25, chequers_serial_rivers_micro_a,
          lemuel_fruit_fields
Lair:4:   layout_big_grid, dpeg_slime_entry_corner, small_statue_intersection,
          nicolae_quartered_pool_little, grunt_megastairs_1
Lair:5:   minmay_lair_end_frog_pond, layout_regular_city
Spider:1: layout_spider_delve, drop_trap, nicolae_spider_webs_and_nodes
Orc:1:    layout_caves, basic_altar, serial_shops, nicolae_lakefront_shop
Orc:2:    grunt_orc_cross, layout_caves, gammafunk_ghost_abyssal_escape,
          basic_altar

Skill      XL: |  1  2  3  4  5  6  7  8  9 10 11 12 13 14 15 16 |
---------------+-------------------------------------------------+-----
Ranged Weapons | 4 5 6 7 9 11 13 14 15 | 15.2
Fighting       | 3 4 5 6 7 8 10 11 12 13 14 | 14.7
Invocations    | 3 5 7 8 9 10 11 12 13 | 13.2
Dodging        | 4 5 6 8 9 |  9.2
Short Blades   | 3 5 7 8 9 |  9.8
Stealth        | 3 5 7 8 |  8.6
Spellcasting   | 4 7 9 |  9.5
Shields        | 3 6 |  6.8
Evocations     | 1 |  1.5

Action                   |  1- 3 |  4- 6 |  7- 9 | 10-12 | 13-15 | 16-18 || total
-------------------------+-------+-------+-------+-------+-------+-------++-------
Melee: Short sword       |       |       |    66 |     2 |       |       ||    68
       Tailslap          |       |       |     9 |     1 |       |       ||    10
       Greatsling        |       |       |       |       |     1 |       ||     1
 Fire: Shortbow          |   131 |   164 |   554 |    10 |       |       ||   859
       Arbalest          |       |       |       |   266 |       |       ||   266
       Greatsling        |       |       |       |   324 |  1475 |   200 ||  1999
 Cast: Blink             |       |       |       |       |     2 |       ||     2
Invok: Wall of Briars    |       |       |       |     3 |    16 |     1 ||    20
       Grow Ballistomyce |       |       |       |       |     1 |       ||     1
 Abil: Breathe Noxious F |       |       |    40 |    33 |    46 |    10 ||   129
  Use: Scroll            |       |     2 |     6 |    12 |    13 |     4 ||    37
       Potion            |       |       |       |       |       |     3 ||     3
Armor: Skin              |    36 |    26 |    76 |    56 |   100 |    54 ||   348
Dodge: Dodged            |    50 |    58 |   158 |   110 |   231 |   143 ||   750
Block: Buckler           |       |       |       |     2 |    44 |       ||    46
       Kite shield       |       |       |       |       |    19 |       ||    19
       Tower shield      |       |       |       |       |     8 |   236 ||   244
       Reflection        |       |       |       |       |       |     3 ||     3

Table legend: (Time is in decaauts)
 A = Elapsed time spent in this place.
 B = Non-inter-level travel time spent in this place.
 C = Inter-level travel time spent in this place.
 D = Time resting spent in this place.
 E = Time spent auto-exploring this place.
 F = Levels seen in this place.
 G = Mean time per level.
                   A        B        C        D        E       F      G
               +--------+--------+--------+--------+--------+-----+--------+
         Total |  27387 |  24990 |   2397 |    174 |  19586 |  25 | 1095.5 |
       Dungeon |  18076 |  16243 |   1833 |    174 |  12932 |  15 | 1205.1 |
        Temple |     20 |      5 |     15 |      0 |      1 |   1 |   20.0 |
          Lair |   5972 |   5465 |    507 |      0 |   4458 |   5 | 1194.4 |
   Spider Nest |    365 |    365 |      0 |      0 |    200 |   1 |  365.0 |
  Orcish Mines |   1196 |   1156 |     40 |      0 |    844 |   2 |  598.0 |
        Bailey |   1756 |   1756 |      0 |      0 |   1151 |   1 | 1756.0 |
               +--------+--------+--------+--------+--------+-----+--------+

Top non-repeatable levels by time:
  Lair:2: 2117 daAuts
    D:13: 1837 daAuts
    D:14: 1783 daAuts
  Bailey: 1756 daAuts
     D:7: 1723 daAuts
    D:11: 1533 daAuts
     D:9: 1448 daAuts
    D:12: 1328 daAuts
  Lair:5: 1216 daAuts
     D:1: 1141 daAuts
     D:6: 1124 daAuts
  Lair:1: 1087 daAuts
     D:5: 1026 daAuts
    D:10: 986 daAuts
     D:8: 963 daAuts
